[ AOE2 MATCH · #505197421 ]
UnrankedBulgarians vs Spanish
Player's team · LOSS
Rival team · WIN
[ REPLAY ANALYSIS · EXTRACTED FROM THE RECORDED GAME ]
Feudal
9:21
Castle
21:58
Imperial
—
| APM avg | 34.1 |
| APM peak | 59 |
| eAPM avg | 26.1 |
| Villagers / military | 79 / 31 |
Focus
⚔️ 43.7% · 🌾 56.3%
Cavalry Archer ×13 · Militia ×9 · Archer ×8 · Spearman ×1
Feudal
9:49
Castle
21:23
Imperial
25:39
| APM avg | 36.2 |
| APM peak | 67 |
| eAPM avg | 15.5 |
| Villagers / military | 55 / 11 |
Focus
⚔️ 20.2% · 🌾 79.8%
Fishing Ship ×8 · Conquistador ×7 · Mangonel ×2 · Missionary ×1 · Trebuchet (Packed) ×1
Match map
Initial resources + every placement click. Lines = walls · curves = elevation contours. ◆ gold · ⬟ stone · ● berries · ✦ relic · ◌ wall gap
Your base· Open — opponent sealed themselves in
Riut's base· ✓ Closed at 21:23 · 26t walls · no gate
Smoothed initial terrain · ◌ = detected wall gap · hover for details
Inputs per minute
— Savage - - Riut
Build order — Savage
First 150 of 180 actions detected
| 0:00 | Queue | Villager (Male) |
| 0:01 | Queue | Villager (Male) |
| 0:01 | Queue | Villager (Male) |
| 0:02 | Build | House |
| 0:03 | Build | House |
| 0:17 | Queue | Villager (Male) |
| 0:17 | Queue | Villager (Male) |
| 1:28 | Queue | Villager (Male) |
| 1:29 | Queue | Villager (Male) |
| 2:01 | Queue | Villager (Male) |
| 2:01 | Queue | Villager (Male) |
| 2:25 | Queue | Villager (Male) |
| 2:48 | Queue | Villager (Male) |
| 2:48 | Queue | Villager (Male) |
| 2:51 | Build | Lumber Camp |
| 3:01 | Queue | Villager (Male) |
| 3:02 | Queue | Villager (Male) |
| 3:14 | Queue | Villager (Male) |
| 3:46 | Build | House |
| 3:48 | Queue | Villager (Male) |
| 4:04 | Queue | Villager (Male) |
| 4:04 | Queue | Villager (Male) |
| 4:04 | Queue | Villager (Male) |
| 5:02 | Queue | Villager (Male) |
| 5:45 | Queue | Villager (Male) |
| 5:57 | Research | Loom |
| 6:10 | Build | Barracks |
| 6:22 | Research | Loom |
| 6:22 | Research | Loom |
| 6:59 | Queue | Villager (Male) |
| 7:01 | Build | Mill |
| 7:11 | Research | Feudal Age |
| 7:11 | Research | Feudal Age |
| 7:31 | Build | Mining Camp |
| 7:58 | Queue | Militia |
| 7:58 | Queue | Militia |
| 7:58 | Queue | Militia |
| 7:59 | Queue | Militia |
| 8:01 | Build | House |
| 8:20 | Build | House |
| 8:36 | Queue | Villager (Male) |
| 8:36 | Queue | Villager (Male) |
| 8:36 | Queue | Villager (Male) |
| 9:19 | Queue | Militia |
| 9:20 | Queue | Militia |
| 9:21 | Age | Feudal Age |
| 9:23 | Build | Watch Tower |
| 9:47 | Queue | Villager (Male) |
| 9:47 | Queue | Villager (Male) |
| 9:48 | Queue | Villager (Male) |
| 9:48 | Queue | Villager (Male) |
| 9:54 | Queue | Militia |
| 9:54 | Queue | Militia |
| 9:54 | Queue | Militia |
| 10:02 | Build | Mill |
| 10:08 | Queue | Villager (Male) |
| 10:48 | Queue | Villager (Male) |
| 10:53 | Build | House |
| 10:55 | Queue | Villager (Male) |
| 11:46 | Queue | Villager (Male) |
| 11:53 | Build | Blacksmith |
| 12:12 | Queue | Villager (Male) |
| 12:29 | Build | Watch Tower |
| 12:57 | Research | Fletching |
| 13:06 | Build | Watch Tower |
| 13:10 | Queue | Villager (Male) |
| 13:22 | Queue | Villager (Male) |
| 13:37 | Queue | Villager (Male) |
| 13:46 | Queue | Villager (Male) |
| 14:21 | Queue | Villager (Male) |
| 14:30 | Queue | Villager (Male) |
| 14:32 | Build | Farm |
| 14:34 | Research | Horse Collar |
| 14:34 | Research | Double-Bit Axe |
| 14:37 | Build | Farm |
| 14:39 | Build | Farm |
| 14:43 | Queue | Villager (Male) |
| 14:58 | Queue | Villager (Male) |
| 15:00 | Build | Farm |
| 15:09 | Build | House |
| 15:12 | Build | House |
| 15:32 | Queue | Villager (Male) |
| 15:35 | Build | Farm |
| 15:43 | Build | Farm |
| 15:45 | Queue | Villager (Male) |
| 15:53 | Queue | Villager (Male) |
| 16:09 | Build | Archery Range |
| 16:16 | Queue | Villager (Male) |
| 16:22 | Build | Farm |
| 16:36 | Queue | Villager (Male) |
| 16:38 | Build | Farm |
| 16:45 | Queue | Archer |
| 16:45 | Queue | Archer |
| 17:02 | Build | Mining Camp |
| 17:03 | Queue | Villager (Male) |
| 17:12 | Queue | Archer |
| 17:13 | Queue | Archer |
| 17:13 | Queue | Archer |
| 17:18 | Build | Farm |
| 17:23 | Build | Farm |
| 17:33 | Build | House |
| 17:34 | Build | House |
| 17:44 | Queue | Archer |
| 17:48 | Queue | Archer |
| 18:14 | Build | Market |
| 18:30 | Queue | Archer |
| 19:18 | Research | Castle Age |
| 19:57 | Build | Farm |
| 19:58 | Build | Farm |
| 19:59 | Build | Farm |
| 20:01 | Build | Farm |
| 20:29 | Queue | Spearman |
| 21:49 | Queue | Villager (Male) |
| 21:50 | Queue | Villager (Male) |
| 21:58 | Age | Castle Age |
| 22:01 | Build | Town Center |
| 22:04 | Build | Town Center |
| 22:14 | Research | Bow Saw |
| 22:42 | Queue | Villager (Male) |
| 22:42 | Queue | Villager (Male) |
| 23:01 | Queue | Villager (Male) |
| 23:01 | Queue | Villager (Male) |
| 23:03 | Build | Farm |
| 23:04 | Queue | Villager (Male) |
| 23:05 | Queue | Villager (Male) |
| 23:07 | Research | Heavy Plow |
| 23:08 | Queue | Villager (Male) |
| 23:11 | Build | Farm |
| 23:11 | Build | Farm |
| 23:12 | Build | Farm |
| 23:14 | Queue | Villager (Male) |
| 23:22 | Queue | Villager (Male) |
| 23:28 | Build | Farm |
| 23:30 | Build | Farm |
| 23:32 | Build | Farm |
| 23:40 | Queue | Villager (Male) |
| 23:41 | Queue | Villager (Male) |
| 23:41 | Queue | Villager (Male) |
| 23:50 | Queue | Cavalry Archer |
| 23:50 | Queue | Cavalry Archer |
| 23:50 | Queue | Cavalry Archer |
| 23:53 | Queue | Villager (Male) |
| 23:53 | Queue | Villager (Male) |
| 23:54 | Queue | Villager (Male) |
| 23:55 | Queue | Villager (Male) |
| 24:06 | Queue | Cavalry Archer |
| 24:10 | Build | House |
| 24:11 | Build | House |
| 24:12 | Build | House |
| 24:19 | Build | University |
Build order — Riut
142 actions detected in the replay
| 0:00 | Queue | Villager (Male) |
| 0:00 | Queue | Villager (Male) |
| 0:00 | Queue | Villager (Male) |
| 0:01 | Queue | Villager (Male) |
| 0:01 | Queue | Villager (Male) |
| 0:02 | Build | House |
| 0:03 | Build | House |
| 0:07 | Research | Loom |
| 0:11 | Queue | Villager (Male) |
| 0:11 | Queue | Villager (Male) |
| 0:11 | Queue | Villager (Male) |
| 0:49 | Build | Palisade Wall |
| 0:59 | Build | Lumber Camp |
| 2:13 | Queue | Villager (Male) |
| 2:13 | Queue | Villager (Male) |
| 2:36 | Queue | Villager (Male) |
| 2:36 | Queue | Villager (Male) |
| 2:36 | Queue | Villager (Male) |
| 2:57 | Queue | Villager (Male) |
| 2:58 | Queue | Villager (Male) |
| 2:58 | Queue | Villager (Male) |
| 3:17 | Queue | Villager (Male) |
| 3:41 | Queue | Villager (Male) |
| 3:41 | Queue | Villager (Male) |
| 3:47 | Build | House |
| 4:18 | Queue | Villager (Male) |
| 4:25 | Build | Mill |
| 4:31 | Queue | Villager (Male) |
| 4:31 | Queue | Villager (Male) |
| 5:03 | Queue | Villager (Male) |
| 5:03 | Queue | Villager (Male) |
| 5:21 | Queue | Villager (Male) |
| 5:21 | Queue | Villager (Male) |
| 5:46 | Build | Palisade Wall |
| 5:47 | Build | Palisade Wall |
| 5:54 | Build | Palisade Wall |
| 5:56 | Queue | Villager (Male) |
| 5:56 | Queue | Villager (Male) |
| 5:57 | Queue | Villager (Male) |
| 6:08 | Build | House |
| 7:09 | Build | Mill |
| 7:12 | Queue | Villager (Male) |
| 7:30 | Build | Palisade Wall |
| 7:39 | Research | Feudal Age |
| 8:17 | Build | Mining Camp |
| 8:22 | Build | Palisade Wall |
| 8:23 | Build | Palisade Wall |
| 8:57 | Build | Palisade Wall |
| 9:00 | Build | Palisade Wall |
| 9:14 | Queue | Villager (Male) |
| 9:14 | Queue | Villager (Male) |
| 9:49 | Age | Feudal Age |
| 10:04 | Build | Stone Wall |
| 10:16 | Build | Watch Tower |
| 10:21 | Queue | Villager (Male) |
| 10:35 | Build | Lumber Camp |
| 10:49 | Research | Town Watch |
| 10:53 | Queue | Villager (Male) |
| 11:07 | Research | Town Watch |
| 11:10 | Queue | Villager (Male) |
| 11:49 | Build | House |
| 12:17 | Queue | Villager (Male) |
| 12:19 | Research | Double-Bit Axe |
| 12:42 | Queue | Villager (Male) |
| 13:04 | Build | House |
| 13:04 | Build | House |
| 13:07 | Queue | Villager (Male) |
| 13:29 | Build | Dock |
| 13:33 | Queue | Villager (Male) |
| 13:55 | Queue | Villager (Male) |
| 14:00 | Queue | Fishing Ship |
| 14:00 | Queue | Fishing Ship |
| 14:06 | Build | Farm |
| 14:20 | Queue | Villager (Male) |
| 14:20 | Queue | Villager (Male) |
| 14:40 | Build | Farm |
| 14:50 | Research | Horse Collar |
| 15:01 | Build | Farm |
| 15:09 | Queue | Villager (Male) |
| 15:17 | Queue | Fishing Ship |
| 15:29 | Build | House |
| 15:30 | Build | House |
| 15:36 | Queue | Villager (Male) |
| 15:43 | Build | Farm |
| 15:45 | Queue | Fishing Ship |
| 15:48 | Build | House |
| 16:02 | Queue | Villager (Male) |
| 16:20 | Queue | Villager (Male) |
| 16:21 | Build | Farm |
| 16:22 | Build | Farm |
| 16:43 | Queue | Villager (Male) |
| 16:45 | Build | Mining Camp |
| 16:47 | Queue | Fishing Ship |
| 16:57 | Build | Fish Trap |
| 17:04 | Queue | Villager (Male) |
| 17:19 | Queue | Villager (Male) |
| 17:30 | Build | Market |
| 17:54 | Queue | Fishing Ship |
| 18:08 | Build | Blacksmith |
| 18:10 | Queue | Villager (Male) |
| 18:22 | Build | Farm |
| 18:43 | Research | Castle Age |
| 18:48 | Build | Fish Trap |
| 19:13 | Research | Gold Mining |
| 19:26 | Build | Fish Trap |
| 19:46 | Research | Tech 906 |
| 19:57 | Build | Farm |
| 20:07 | Build | Farm |
| 20:32 | Queue | Villager (Male) |
| 20:42 | Build | Fish Trap |
| 20:42 | Queue | Fishing Ship |
| 21:05 | Build | Fish Trap |
| 21:23 | Age | Castle Age |
| 21:25 | Build | Castle |
| 21:28 | Queue | Villager (Male) |
| 21:34 | Build | Lumber Camp |
| 22:29 | Research | Imperial Age |
| 22:29 | Research | Imperial Age |
| 22:58 | Queue | Fishing Ship |
| 23:02 | Build | Fish Trap |
| 23:08 | Queue | Conquistador |
| 23:14 | Build | Fish Trap |
| 23:22 | Research | Fletching |
| 23:33 | Queue | Conquistador |
| 23:42 | Build | Monastery |
| 23:47 | Queue | Conquistador |
| 24:05 | Queue | Conquistador |
| 24:15 | Build | Siege Workshop |
| 24:25 | Queue | Missionary |
| 24:39 | Queue | Conquistador |
| 24:41 | Research | Padded Archer Armor |
| 24:42 | Queue | Villager (Male) |
| 25:03 | Queue | Mangonel |
| 25:39 | Age | Imperial Age |
| 25:51 | Queue | Mangonel |
| 25:57 | Queue | Trebuchet (Packed) |
| 26:17 | Build | Castle |
| 26:38 | Build | Castle |
| 26:44 | Queue | Conquistador |
| 26:44 | Queue | Conquistador |
| 26:45 | Queue | Villager (Male) |
| 26:57 | Queue | Villager (Male) |
Match timeline
| 0:49 | Riut · wall_segment Palisade Wall x6 |
| 5:46 | Riut · wall_segment Palisade Wall x1 |
| 5:47 | Riut · wall_segment Palisade Wall x1 |
| 5:54 | Riut · wall_segment Palisade Wall x1 |
| 6:10 | Savage · first_building Barracks |
| 7:30 | Riut · wall_segment Palisade Wall x1 |
| 8:22 | Riut · wall_segment Palisade Wall x4 |
| 8:23 | Riut · wall_segment Palisade Wall x3 |
| 8:57 | Riut · wall_segment Palisade Wall x6 |
| 9:00 | Riut · wall_segment Palisade Wall x3 |
| 9:21 | Savage · age_up feudal |
| 9:49 | Riut · age_up feudal |
| 10:04 | Riut · wall_segment Stone Wall x7 |
| 13:29 | Riut · first_building Dock |
| 16:09 | Savage · first_building Archery Range |
| 18:33 | Riut · first_market_buy 100 food |
| 18:34 | Riut · first_market_sell 100 stone |
| 19:14 | Savage · first_market_buy 100 food |
| 21:23 | Riut · age_up castle |
| 21:25 | Riut · first_building Castle |
| 21:58 | Savage · age_up castle |
| 23:42 | Riut · first_building Monastery |
| 24:15 | Riut · first_building Siege Workshop |
| 25:39 | Riut · age_up imperial |
| 26:50 | Savage · first_market_sell 100 food |
| 26:59 | Savage · resign |
[ AI ANALYSIS · 1 CREDIT ]
What really happened in this match?
Wolo.gg analyzes every decision: build order, eco, micro, common mistakes by bracket. Personalized analysis on WhatsApp or Discord in 30 seconds.
Civ guide
Bulgarians
Perfil
Savage